AoeStats
← a.l.a.n.t

Black Forest

505297544Analyzed
4v4 RM · 24d ago on Sep 8, 2026· 29m 12s· 8 players
Game mode
Random Map
Map size
Large (8 player)
Population
200
Speed
Normal
Resources
Standard
Victory
Conquest
Starting age
Dark Age
Ending age
Imperial Age
RankedLock teamsTeams togetherTeam positionsShared explorationLock speedFull tech treeHidden civsTurbo modeCheats
Victory
Defeat
🇭🇰 Portuguese · Hong Kong SAR China
1377
+14
🇹🇷 Poles · Türkiye
1325
+16
🇹🇼 Persians · Taiwan
1291
+17
🇬🇧 Malay · United Kingdom
1283
+17
🇩🇪 Vikings · Germany
1381
-19
🇹🇷 Mongols · Türkiye
1373
-18
🇧🇷 Burgundians · Brazil
1322
-16
🇧🇷 Celts · Brazil
1201
-11
野豬騎士來囉
12:59 Feudal Age
16:55 Castle Age
15:20 Double-Bit Axe
15:56 Horse Collar
18:41 Bow Saw
23:34 Wheelbarrow
23:30 Heavy Plow
25:09 Scale Mail Armor
24:33 Pikeman
25:59 Chain Mail Armor
26:35 Hand Cart
26:52 Forging
28:22 Iron Casting
29:03 Squires
a.l.a.n.t
0:53 Loom
13:24 Feudal Age
17:41 Castle Age
16:25 Double-Bit Axe
17:37 Bow Saw
25:13 Squires
24:36 Pikeman
25:30 Forging
jardan1234
0:43 Loom
11:46 Feudal Age
11:55 Feudal Age
16:35 Castle Age
15:18 Fletching
16:06 Double-Bit Axe
16:02 Horse Collar
16:18 Gold Mining
17:04 Crossbowman
23:24 Bodkin Arrow
24:14 Pikeman
32:20 Imperial Age
BoBa
3:15 Loom
13:11 Feudal Age
15:29 Wheelbarrow
15:35 Double-Bit Axe
15:31 Horse Collar
18:29 Fishing Lines
21:24 Castle Age
19:47 Bloodlines
19:43 Scale Barding Armor
20:40 Gold Mining
20:41 Stone Mining
21:44 Forging
22:38 Bow Saw
22:43 Light Cavalry
23:24 Husbandry
24:28 Heavy Plow
软脚虾3号
TheLawRøcK®
11:55 Feudal Age
11:40 Double-Bit Axe
14:34 Bow Saw
14:07 Horse Collar
14:29 Fishing Lines
15:19 Gillnets
16:24 Wheelbarrow
16:04 Horse Collar
17:32 Hand Cart
23:24 Castle Age
21:41 Scale Barding Armor
25:52 Husbandry
joaopessoense
1:14 Loom
13:16 Feudal Age
13:54 Double-Bit Axe
17:11 Castle Age
15:07 Horse Collar
18:24 Bow Saw
24:34 Heavy Plow
24:59 Stone Mining
26:13 Gold Mining
27:58 Wheelbarrow
hirax34
6:32 Loom
11:07 Feudal Age
15:19 Castle Age
13:53 Double-Bit Axe
15:04 Scale Barding Armor
15:09 Forging
16:14 Gold Mining
17:23 Bloodlines
24:58 Chain Barding Armor
27:20 Iron Casting
Connection lost

Rejoining the realm…

Still unreachable

The connection could not be restored.

Session expired

The server has moved on; the page needs a fresh start.